 Dungeon Crawl Stone Soup version 0.28.0-53-g5a82cb258f (webtiles) character file.

Game seed: 794724245355078513

364 Descartes the Covert (level 6, -7/42 HPs)
             Began as an Octopode Delver on June 22, 2022.
             Killed from afar by Dowan (20 damage)
             ... with a shard of ice
             ... on level 4 of the Dungeon.
             The game lasted 00:05:27 (3805 turns).

Descartes the Covert (Octopode Delver)              Turns: 3805, Time: 00:05:28

Health: -7/42      AC:  1    Str: 12    XL:     6   Next: 67%
Magic:  15/15      EV: 14    Int: 12    God:
Gold:   185        SH:  0    Dex: 15    Spells: 5/5 levels left

rFire   . . .      SeeInvis .   j - +2 dagger (venom)
rCold   . . .      Faith    .   (no shield)
rNeg    . . .      Spirit   .   (helmet restricted)
rPois   .          Reflect  .   a - amulet of regeneration
rElec   .          Harm     .   A - ring of magical power
rCorr   .          Rampage  .   u - ring of wizardry
Will    .....                   (no ring)
Stlth   +++++.....              (no ring)
HPRegen 0.94/turn               (no ring)
MPRegen 0.14/turn               (no ring)
                                (no ring)
                                (no ring)

@: no status effects
A: almost no armour, amphibious, 8 rings, camouflage 1, gelatinous body 1,
(nimble swimmer 1), tentacles
a: no special abilities


You were on level 4 of the Dungeon.
You visited 1 branch of the dungeon, and saw 5 of its levels.

You collected 185 gold pieces.

Inventory:

Hand Weapons
 j - a +2 dagger of venom (weapon)
 y - a +2 dagger of draining
Missiles
 h - 93 stones (quivered)
 s - 80 bolts
 t - 10 poisoned darts
 w - 11 sling bullets
Jewellery
 a - an amulet of regeneration (around mantle)
 u - a ring of wizardry (right tentacle)
 A - a ring of magical power (left tentacle)
Wands
 f - a wand of digging (3)
Scrolls
 b - a scroll of fog
 c - a scroll of magic mapping
 d - a scroll of fear
 k - 3 scrolls of teleportation {unknown}
 m - 2 scrolls of immolation {unknown}
 n - a scroll of silence {unknown}
 p - 3 scrolls of vulnerability {unknown}
 r - 5 scrolls of identify {unknown}
Potions
 e - 2 potions of haste
 g - 3 potions of mutation {unknown}
 i - a potion of brilliance {unknown}
 l - 3 potions of might {unknown}
 o - 2 potions of curing
 q - 2 potions of berserk rage {unknown}
 v - a potion of attraction {unknown}
 x - a potion of flight {unknown}
 z - a potion of degeneration {unknown}


   Skills:
 - Level 3.0 Fighting
 + Level 4.1 Short Blades
 + Level 4.2 Dodging
 + Level 8.6 Stealth


You had 5 spell levels left.
You didn't know any spells.
Your spell library was empty.

Dungeon Overview and Level Annotations

Branches:
Dungeon (5/15)
 Temple: D:4-7

Altars:
The Shining One
Beogh

Shops:
D:1 *

Annotations:
D:4 2 runed translucent doors, Dowan; PentaManta's ghost, amateur KoEn


Innate Abilities, Weirdness & Mutations

You cannot wear most types of armour.
You are amphibious.
You can wear up to eight rings at the same time.
Your skin changes colour to match your surroundings (Stealth+).
Your rubbery body absorbs attacks. (AC +1, EV +1)
((You are camouflaged when in or above water. (Stealth+)))
You have tentacles for arms and can constrict up to eight enemies at once.


Message History

Dowan draws strength from your wounds!
You hit Dowan.
Dowan looks as sick as possible!
Dowan is lightly wounded.
You constrict Dowan.
Dowan hits you with a +0 vampiric demon whip.
You are too injured to fight recklessly!
You are too injured to fight recklessly!
You are too injured to fight recklessly!
You are too injured to fight recklessly!
You are too injured to fight recklessly!
You are too injured to fight recklessly!
You are too injured to fight recklessly!
You are too injured to fight recklessly!
You are too injured to fight recklessly!
You are too injured to fight recklessly!
You are too injured to fight recklessly!
You are too injured to fight recklessly!
You are too injured to fight recklessly!
You are too injured to fight recklessly!
You are too injured to fight recklessly!
You are too injured to fight recklessly!
You are too injured to fight recklessly!
Unknown command.
You hit Dowan but do no damage.
Dowan looks as sick as possible!
You squeeze Dowan, but do no damage.
Dowan is lightly wounded.
You constrict Dowan. Dowan misses you.
Dowan drinks a potion.
Dowan is healed!
Dowan looks more healthy.
Unknown command.
You hit Dowan.
Dowan is poisoned.
You squeeze Dowan.
Dowan is moderately wounded.
You constrict Dowan.
Dowan zaps a wand.
The puff of flame hits you!
* * * LOW HITPOINT WARNING * * *
Unknown command.
You hit Dowan.
Dowan looks as sick as possible!
Dowan is heavily wounded.
You constrict Dowan.
Dowan points at you and mumbles some strange words.
The shard of ice hits you!!
You die...

...#.....#.....#.....#...........
########.#.#########.#.......####
.........#...........#.......# #
######################.......#
#.# #...# ####..........# ##.##
#...###..).......####
....######...........#...#.#
##..#...............#.....###..
...............e@...#..........
.#..#..............##.†.#####..
....######...###.#.##..## ..<.#
#.........)>..### ..###
#...#####.......# ..# #...#
#.##.##.# ..# #...# #.##.##.##
..# ######.######.##.....
).####..............# #.#


You could see Dowan (fast, extremely poisoned).

Vanquished Creatures
  Duvessa (D:4)
  A centaur zombie (D:4)
  A hound (D:4)
  2 iguanas
  A gnoll (D:5)
  6 adders
  A worm (D:3)
  4 dart slugs
  2 orcs
  4 bats
  6 endoplasms
  4 giant cockroaches
  8 goblins
  6 hobgoblins
  2 jackals (D:3)
  3 quokkas
  5 ball pythons
  3 frilled lizards
  9 kobolds
  5 rats
74 creatures vanquished.

Notes
Turn   | Place    | Note
-------+----------+-------------------------------------------
     0 | D:5      | Descartes the Octopode Delver began the quest for the Orb.
     0 | D:5      | Reached XP level 1. HP: 16/16 MP: 1/1
    28 | D:5      | Noticed an iguana
    31 | D:5      | Killed an iguana
    32 | D:5      | Reached skill level 7 in Stealth
    32 | D:5      | Reached XP level 2. HP: 21/21 MP: 2/2
    32 | D:5      | Reached XP level 3. HP: 26/26 MP: 3/3
   310 | D:4      | Reached XP level 4. HP: 31/31 MP: 4/4
   406 | D:4      | Noticed Duvessa
   415 | D:4      | Killed Duvessa
   416 | D:4      | Reached XP level 5. HP: 18/36 MP: 5/5
   419 | D:4      | Noticed Dowan
   707 | D:3      | Reached skill level 8 in Stealth
   844 | D:3      | Identified the +1 pair of gloves "Babuc" {rPois}
  1604 | D:2      | Reached XP level 6. HP: 42/42 MP: 6/6
  2198 | D:1      | Found a faded altar of an unknown god.
  2277 | D:1      | Prayed at the altar of an unknown god.
  2277 | D:1      | Became a worshipper of the Shining One
  2277 | D:1      | Reached * piety under the Shining One
  2278 | D:1      | Fell from the grace of the Shining One
  2323 | D:1      | Found Alunwage's Assorted Antiques.
  3371 | D:4      | Found a large runed translucent door.
  3371 | D:4      | Found a large runed translucent door.
  3376 | D:4      | Noticed PentaManta's ghost (amateur KoEn)
  3805 | D:4      | Killed from afar by Dowan

Illustrated notes

Levels and vault maps discovered:
D:1:      shiori_shiawase, layout_loops_corners, serial_shops,
          nicolae_lakefront_shop, hellmonk_ecumenical_altar_defaced_shrine,
          st_stairs_6
D:2:      layout_loops_corners, kennysheep_generic_room_15
D:3:      layout_rooms
D:4:      layout_loops_cross, ebering_ghost_disaster_area,
          amcnicky_mini_rare_corridor_liquid, minivault_1,
          roderic_serpentine_path, fountainhead, uniq_duvessa
D:5:      layout_basic

Skill      XL: |  1  2  3  4  5  6 |
---------------+-------------------+-----
Stealth        | 7 8 |  8.6
Short Blades   | 3 4 |  4.1
Dodging        | 3 4 |  4.2
Fighting       | |  3.0

Action                   |  1- 3 |  4- 6 || total
-------------------------+-------+-------++-------
Melee: Short sword       |     8 |     9 ||    17
       Tentacles         |     4 |    19 ||    23
       Constrict         |     1 |    19 ||    20
       Punch             |       |     1 ||     1
       Dagger            |       |   116 ||   116
Invok: Renounce Religion |       |     1 ||     1
 Stab: Sleeping          |     3 |    34 ||    37
Armor: Skin              |       |     9 ||     9
Dodge: Dodged            |     2 |    45 ||    47
